 Dungeon Crawl Stone Soup version 0.20-a0-16-g0876c8e (webtiles) character file.

579 GlassEater the Shield-Bearer (level 7, -4/55 HPs)
             Began as a Formicid Fighter on Nov 5, 2016.
             Slain by a hippogriff (5 damage)
             ... on level 4 of the Dungeon.
             The game lasted 00:07:48 (2726 turns).

GlassEater the Shield-Bearer (Formicid Fighter)     Turns: 2726, Time: 00:07:49

Health: -4/55      AC:  9    Str: 22    XL:     7   Next: 63%
Magic:  7/7        EV:  7    Int:  8    God:
Gold:   252        SH: 10    Dex: 14    Spells: 0 memorised, 6 levels left

rFire  . . .     SeeInvis +     a - +6 quarterstaff (chaos)
rCold  . . .     Gourm    .     m - +0 chain mail
rNeg   . . .     Faith    .     c - +0 shield
rPois  .         Spirit   .     (helmet unavailable)
rElec  .         Reflect  .     (no cloak)
rCorr  .         Harm     .     (no gloves)
MR     .....                    (no boots)
Stlth  ..........               (no amulet)
                                (no ring)
                                n - +4 ring of dexterity

@: no status effects
A: permanent stasis, dig shafts and tunnels, four strong arms, antennae 3
a: Dig, Shaft Self


You were on level 4 of the Dungeon.
You were not hungry.

You visited 1 branch of the dungeon, and saw 4 of its levels.

You collected 252 gold pieces.

Inventory:

Hand Weapons
 a - a +6 quarterstaff of chaos (weapon)
Missiles
 h - 10 poisoned needles
Armour
 c - a +0 shield (worn)
 m - a +0 chain mail (worn)
Jewellery
 n - a +4 ring of dexterity (left hand)
Wands
 b - a wand of hasting (5/9)
 p - a wand of disintegration (14/24)
Scrolls
 k - 3 scrolls of remove curse
 l - a scroll of fog
Potions
 d - a potion of might
 e - 2 potions of curing
 i - 3 potions of heal wounds {unknown}
 j - a potion of lignification {unknown}
 o - a potion of magic {unknown}
 q - a potion of agility {unknown}
 r - a potion of berserk rage {unknown}
 t - a potion of haste {unknown}
 u - 2 potions of flight {unknown}
Comestibles
 f - 2 bread rations
 g - 4 chunks of flesh


   Skills:
 + Level 4.6 Fighting
   Level 3.0(4.1) Maces & Flails
 + Level 4.2(4.7) Staves
 + Level 4.3 Armour
 + Level 1.0 Dodging
 + Level 5.7 Shields


You had 6 spell levels left.
You didn't know any spells.

Dungeon Overview and Level Annotations

Branches:
Dungeon (4/15)
 Temple: D:4-7

Altars:
Cheibriados
Hepliaklqana
Kikubaaqudgha
Makhleb
Qazlal
Sif Muna
Uskayaw


Innate Abilities, Weirdness & Mutations

You are under a permanent stasis effect.
You can dig through walls and to a lower floor.
Your four strong arms can wield two-handed weapons with a shield.
You have a pair of large antennae on your head. (SInv)


Message History

The hippogriff is heavily wounded.
You block the hippogriff's attack. The hippogriff pecks you.
The hippogriff claws you but does no damage.
The hippogriff bites you!
The hippogriff pecks you but does no damage.
The hippogriff claws you!
You hit the hippogriff.
The hippogriff is severely wounded.
You block the hippogriff's attack. x2; The hippogriff completely misses you.
You sock the hippogriff!
The hippogriff is poisoned.
Your skin tingles.
The hippogriff is severely wounded.
The hippogriff bites you! The hippogriff pecks you!
* * * LOW HITPOINT WARNING * * *
The hippogriff barely misses you. You block the hippogriff's attack.
The hippogriff pecks you.
* * * LOW HITPOINT WARNING * * *
The hippogriff claws you.
* * * LOW HITPOINT WARNING * * *
The hippogriff bites you.
You die...

####### ......#
.....< #....#
##....### #.......#
#.......#. #
#.H....##. #
#.@....##.. #
##'######...#######
##.....##...##...##
#..................
#......>...........
##.....##...##...##
###'#####...##...##
#.................#
#.................#


You could see a hippogriff (berserk).

Vanquished Creatures
  The ghost of GlassEater the Poker, an amateur HuFi of Uskayaw (D:4)
  A howler monkey (D:4)
  An orc priest (D:3)
  Crazy Yiuf (D:2)
  2 hounds (D:4)
  3 worker ants (D:4)
  Terence (D:2)
  Robin (D:3)
  3 adders
  An ooze (D:1)
  3 worms (D:2)
  3 dart slugs
  A leopard gecko (D:4)
  7 orcs
  A giant cockroach (D:2)
  11 goblins
  11 hobgoblins
  3 jackals (D:3)
  5 bats
  4 frilled lizards
  9 kobolds
  4 rats
77 creatures vanquished.

Vanquished Creatures (collateral kills)
  An orc (D:3)
  A goblin (D:3)
  A bat (D:3)
3 creatures vanquished.

Grand Total: 80 creatures vanquished

Notes
Turn   | Place    | Note
-------+----------+-------------------------------------------
     0 | D:1      | GlassEater the Formicid Fighter began the quest for the Orb.
     0 | D:1      | Reached XP level 1. HP: 18/18 MP: 1/1
   347 | D:1      | Reached XP level 2. HP: 21/24 MP: 2/2
   499 | D:1      | Reached skill level 4 in Shields
   655 | D:2      | Reached XP level 3. HP: 29/29 MP: 3/3
   683 | D:2      | Noticed Terence
   689 | D:2      | Killed Terence
   836 | D:2      | Reached XP level 4. HP: 36/36 MP: 4/4
  1047 | D:2      | Found a runed door.
  1215 | D:2      | Noticed Crazy Yiuf
  1225 | D:2      | Killed Crazy Yiuf
  1457 | D:3      | Noticed Robin
  1459 | D:3      | Reached XP level 5. HP: 42/42 MP: 5/5
  1472 | D:3      | Reached skill level 1 in Staves
  1480 | D:3      | Killed Robin
  1494 | D:3      | Reached skill level 5 in Shields
  1603 | D:3      | Found a snail-covered altar of Cheibriados.
  1733 | D:3      | Found a stormy altar of Qazlal.
  2175 | D:3      | Found a stormy altar of Qazlal.
  2175 | D:3      | Found an ancient bone altar of Kikubaaqudgha.
  2175 | D:3      | Found a deep blue altar of Sif Muna.
  2175 | D:3      | Found a burning altar of Makhleb.
  2179 | D:3      | Reached XP level 6. HP: 48/48 MP: 6/6
  2183 | D:3      | Found a hazy altar of Hepliaklqana.
  2183 | D:3      | Found a hide-covered altar of Uskayaw.
  2369 | D:4      | Reached skill level 1 in Dodging
  2398 | D:4      | Noticed GlassEater's ghost (amateur HuFi)
  2407 | D:4      | Killed GlassEater's ghost
  2407 | D:4      | Reached XP level 7. HP: 43/55 MP: 7/7
  2712 | D:4      | Noticed a hippogriff
  2725 | D:4      | HP: 2/55 [hippogriff (6)]
  2726 | D:4      | Slain by a hippogriff

Vault maps used:
D:1:      lightli_arrival_windingriver
D:2:      grunt_ministairs_6, uniq_terence, uniq_crazy_yiuf_cottage
D:3:      kennysheep_slug_shrine, minmay_overflow_temple_hex, first_bread,
          grunt_qazlal_clouds, uniq_robin

Skill      XL: |  1  2  3  4  5  6  7 |
---------------+----------------------+-----
Shields        | 4 5 |  5.7
Maces & Flails | 3 |  3.0
Fighting       | 4 |  4.6
Staves         | 1 3 4 |  4.2
Dodging        | 1 |  1.0
Armour         | 4 |  4.3

Action                   |  1- 3 |  4- 6 |  7- 9 || total
-------------------------+-------+-------+-------++-------
Melee: Flail             |    54 |    27 |       ||    81
       Quarterstaff      |       |   105 |    26 ||   131
       Mace              |       |     9 |       ||     9
  Use: Scroll            |       |     9 |     1 ||    10
       Potion            |       |     1 |       ||     1
  Eat: Chunk             |       |     5 |     1 ||     6
Armor: Scale mail        |    12 |       |       ||    12
       Chain mail        |     7 |    93 |    10 ||   110
Dodge: Dodged            |    21 |    49 |    15 ||    85
Block: Shield            |    33 |    94 |    21 ||   148
